 Dungeon Crawl Stone Soup version bcrawl-1.28.1b (webtiles) character file.

Game seed: 17833006827483544987

335863 Morbidden the Cleaver (level 11, -4/74 HPs)
             Began as an Octopode Archaeologist on Dec 25, 2020.
             Was an Elder of Cheibriados.
             Slain by an eight-headed hydra (13 damage)
             ... on level 2 of the Lair of Beasts.
             The game lasted 00:24:32 (11909 turns).

Morbidden the Cleaver (Octopode Archaeologist)     Turns: 11909, Time: 00:24:32

Health: -4/74      AC:  2    Str: 21    XL:     11   Next: 81%
Magic:  0/19       EV: 19    Int: 32    God:    Cheibriados [****..]
Gold:   762        SH:  0    Dex: 21    Spells: 9/21 levels left

rFire    . . .     SeeInvis .   v - +1 war axe (flame)
rCold    + . .     Gourm    .   (no shield)
rNeg     . . .     Faith    .   l - +1 hat {Int+3}
rPois    .         Spirit   +   (cloak restricted)
rElec    .         Reflect  .   y - amulet of guardian spirit
rCorr    .         Harm     .   d - ring "Kileipp" {+Inv Slay+1}
MR       +....                  B - ring of protection from cold
Stlth    +++++.....             D - ring of protection from magic
HPRegen  0.22/turn              (no ring)
MPRegen  0.16/turn              (no ring)
                                (no ring)
                                (no ring)
                                (no ring)

@: about to teleport, very slightly contaminated, very slow
A: almost no armour, stealthy swim, amphibious, 8 rings, constrict 8, camouflage
1, gelatinous body 1
a: Bend Time, Temporal Distortion, Slouch, Renounce Religion, Evoke Invisibility


You were on level 2 of the Lair of Beasts.
You worshipped Cheibriados.
Cheibriados was greatly pleased with you.
You were not hungry.

You visited 3 branches of the dungeon, and saw 12 of its levels.

You collected 762 gold pieces.

Inventory:

Hand Weapons
 v - a +1 war axe of flaming (weapon)
Missiles
 E - 89 poisoned tomahawks (quivered)
Armour
 l - a +1 hat of intelligence (worn)
Magical Staves
 r - an uncursed staff of fire
Jewellery
 d - the ring "Kileipp" (left tentacle) {+Inv Slay+1}
   (You acquired it on level 3 of the Dungeon)

   [ring of slaying]

   It affects your accuracy and damage with ranged weapons and melee attacks
   (+1).
   It lets you turn invisible.
 x - an uncursed ring of ice
 y - an amulet of guardian spirit (around mantle)
 B - a ring of protection from cold (right tentacle)
 D - a ring of protection from magic (on tentacle)
Wands
 a - a wand of paralysis (7)
 z - a wand of random effects (4)
 C - a wand of flame (3)
 G - a wand of polymorph (4)
Scrolls
 c - a scroll of magic mapping
 h - 2 scrolls of enchant weapon
 j - 2 scrolls of amnesia
 p - 4 scrolls of remove curse
 s - 2 scrolls of teleportation
 t - a scroll of identify
 w - a scroll of enchant armour
Potions
 b - a potion of ambrosia {unknown}
 f - 2 potions of curing
 g - a potion of mutation {unknown}
 k - 5 potions of flight
 n - a potion of magic {unknown}
 o - 5 potions of might
 u - a potion of degeneration {unknown}
 A - 2 potions of cancellation {unknown}
 F - 2 potions of brilliance {unknown}
 H - a potion of resistance {unknown}
Miscellaneous
 m - a lamp of fire (inert)
Comestibles
 e - 20 rations {!d}
 q - 7 chunks of flesh


   Skills:
 * Level 6.7 Fighting
 * Level 8.5(8.8) Axes
   Level 3.5(6.4) Maces & Flails
 + Level 2.2 Throwing
 * Level 6.8 Dodging
 + Level 7.8 Stealth
 * Level 5.8 Spellcasting
 + Level 3.5 Charms
 + Level 4.8 Necromancy
 * Level 1.4 Transmutations
 + Level 3.1 Air Magic
 * Level 3.7 Earth Magic
 - Level 3.0 Poison Magic
 * Level 5.6 Invocations
 + Level 0.2 Evocations


You had 9 spell levels left.
You knew the following spells:

 Your Spells              Type           Power        Failure   Level  Hunger
a - Vampiric Draining     Necr           #####.....   1%          3    ##.....
b - Poisonous Vapours     Pois/Air       ####..       1%          2    None
c - Ignite Poison         Fire/Tmut/Pois ###.....     8%          3    ##.....
d - Sandblast             Erth           ####..       1%          1    None
z - Regeneration          Chrm/Necr      #####.....   2%          3    ##.....

Your spell library contained the following spells:

 Spells                   Type           Power        Failure   Level  Hunger
 Animate Skeleton         Necr           N/A          1%          1    None
 Infusion                 Chrm           ####....     1%          1    None
 Pain                     Necr           #####.       1%          1    None
 Song of Slaying          Chrm           ####....     1%          2    None
 Sting                    Conj/Pois      ###.         2%          1    None
 Apportation              Tloc           #.....       4%          1    None
 Slow                     Hex            #.......     4%          1    None
 Summon Butterflies       Summ           #.......     4%          1    None
 Animate Dead             Necr           N/A          6%          4    ####...
 Ozocubu's Armour         Chrm/Ice       ###.....     7%          3    ##.....
 Spectral Weapon          Hex/Chrm       ###.....     7%          3    ##.....
 Olgreb's Toxic Radiance  Pois           ####.....    14%         4    ####...
 Summon Scorpions         Summ/Pois      ###.....     26%         4    ####...
 Bolt of Draining         Conj/Necr      ###.......   43%         5    ######.
 Venom Bolt               Conj/Pois      ###.......   56%         5    ######.


Dungeon Overview and Level Annotations

Branches:
Dungeon (9/12)             Temple (1/1) D:4            Lair (2/6) D:9
  Swamp (0/3) Lair:2
  Snake: Lair:2-4    Spider: Lair:2-4       Orc: D:8-11

Altars:
Ashenzari
Cheibriados
Dithmenos
Elyvilon
Fedhas
Gozag
Kikubaaqudgha
Lugonu
Nemelex Xobeh
Okawaru
Qazlal
Ru
Trog
Uskayaw
Vehumet
Wu Jian
Xom
Yredelemnul
Zin
The Shining One

Shops:
D:7 :   D:8 %

Annotations:
D:2 1 runed door
D:9 exclusion: vampire


Innate Abilities, Weirdness & Mutations

You cannot wear most types of armour.
You are very stealthy in the water. (Stealth+)
You are amphibious.
You can wear up to eight rings at the same time.
You can use your tentacles to constrict eight enemies at once.
Your skin changes colour to match your surroundings (Stealth+).
Your rubbery body absorbs attacks. (AC +1, EV +1)


Message History

Unknown command.
Okay, then.
Okay, then.
Evoke which item? (* to show all) (? for menu, Esc to quit)
Okay, then.
Okay, then.
Okay, then.
As you read the scroll of teleportation, it crumbles to dust.
You feel strangely unstable.
The eight-headed hydra closely misses you.
The eight-headed hydra misses you.
The eight-headed hydra barely misses you. x2
The eight-headed hydra closely misses you.
The eight-headed hydra completely misses you.
The eight-headed hydra barely misses you.
The eight-headed hydra closely misses you.
Unknown command.
Unknown command.
You feel better. The eight-headed hydra bites you!
You die...

.(.#.###♣♣♣ ♣.♣>♣♣♣♣♣♣♣♣.........
######..♣.♣♣♣♣♣≈≈♣§§♣§§♣...>.....
# #.....≈♣.♣♣≈≈§§t§§§♣♣#....... #
#.....≈≈..♣♣≈.D§§§ #..P.... #
#...♣≈≈≈...♣♣§≈§≈♣ .♣##...... #
###.♣≈≈≈≈..♣ ♣≈t≈♣..♣.#...... #
###...♣≈≈≈≈♣§♣♣♣≈D§§§♣♣........
###.....♣≈≈≈≈♣§§.♣≈§§§§♣.........
P#......♣≈≈≈≈♣§§@D.§§§♣♣.......<.
....P##♣♣≈≈≈♣♣♣♣♣..§♣♣♣♣.......#.
#...## ♣♣♣♣♣.♣♣♣♣♣♣♣ ##.......÷
.....# ♣.♣...♣.♣.# #.........
....## ##........# ###.......P
..##.# ###.........# #.........#
.##.## #........#..#####........#
########........#...#..#........P
## ##.>........#....##......#..#


You could see an eight-headed hydra and a seven-headed hydra.

Vanquished Creatures
  Psyche (D:9)
  Erica (D:9)
  A two-headed ogre (D:8)
  Pikel (D:7)
  3 elephants (Lair:2)
  Maurice (D:8)
  A cane toad (Lair:1)
  A centaur skeleton (D:9)
  3 komodo dragons
  4 hippogriffs
  Grinder (D:6)
  4 blink frogs (Lair:2)
  A vampire (D:9)
  3 yaks (D:8)
  A vampire mosquito (D:9)
  A basilisk (D:9)
  A swamp worm (Lair:2)
  2 wargs
  3 crocodiles
  2 water moccasins
  Duvessa (D:7)
  2 porcupines (Lair:2)
  2 sky beasts
  An ice beast (D:7)
  A phantom (D:7)
  2 ogres (D:9)
  6 bullfrogs
  Blork the orc (D:6)
  Dowan (D:7)
  2 scorpions
  2 killer bees
  A wight (D:7)
  4 howler monkeys
  6 crimson imps
  A centaur zombie (D:7)
  A quasit (D:9)
  4 hounds
  5 jellies
  5 orc wizards
  3 bullfrog skeletons
  3 orc priests
  2 iguanas
  7 worker ants
  A hound zombie (D:7)
  2 hound skeletons
  A worker ant zombie (D:7)
  Robin (D:3)
  6 gnolls (D:5)
  11 adders
  3 shadow imps
  8 oozes
  An adder skeleton (D:5)
  3 worms
  3 dart slugs (D:1)
  4 leopard geckos
  22 orcs
  5 giant cockroaches
  17 goblins
  10 hobgoblins
  7 jackals
  6 quokkas
  A ball python (D:3)
  3 bats
  2 frilled lizards
  14 kobolds
  6 rats
236 creatures vanquished.

Vanquished Creatures (others)
  An adder (D:7)
  A plant (D:9)
2 creatures vanquished.

Grand Total: 238 creatures vanquished

Notes
Turn   | Place    | Note
-------+----------+-------------------------------------------
     0 | D:1      | Morbidden the Octopode Archaeologist began the quest for
                  | the Orb.
     0 | D:1      | Reached XP level 1. HP: 13/13 MP: 1/1
   177 | D:1      | Reached XP level 2. HP: 18/18 MP: 2/2
   559 | D:1      | Reached skill level 5 in Stealth
   559 | D:1      | Reached XP level 3. HP: 23/23 MP: 3/3
  1069 | D:2      | Reached XP level 4. HP: 20/29 MP: 4/4
  1113 | D:2      | Found a glowing golden altar of the Shining One.
  1582 | D:2      | Found a runed door.
  1725 | D:2      | Found a shimmering altar of Xom.
  1989 | D:3      | Noticed a sky beast
  2030 | D:3      | Found a faded altar of an unknown god.
  2036 | D:3      | Reached XP level 5. HP: 33/34 MP: 5/5
  2036 | D:3      | Identified a scroll of acquirement
  2036 | D:3      | Identified the +0 hat of Valour {Int+2} (You acquired it on
                  | level 3 of the Dungeon)
  2036 | D:3      | Identified the ring "Kileipp" {+Inv Slay+1} (You acquired
                  | it on level 3 of the Dungeon)
  2130 | D:3      | Found a glowing golden altar of the Shining One.
  2699 | D:2      | Killed a sky beast
  2700 | D:2      | Reached XP level 6. HP: 7/41 MP: 6/6
  2927 | D:3      | Noticed Robin
  2959 | D:3      | Killed Robin
  3049 | D:3      | Found a white marble altar of Elyvilon.
  3289 | D:4      | Found a staircase to the Ecumenical Temple.
  3483 | Temple   | Entered the Ecumenical Temple
  3646 | Temple   | Became a worshipper of Cheibriados the Contemplative
  3741 | D:4      | Found a corrupted altar of Lugonu.
  4160 | D:5      | Entered Level 5 of the Dungeon
  4203 | D:5      | Reached XP level 7. HP: 27/46 MP: 3/7
  4599 | D:5      | Reached skill level 1 in Axes
  4676 | D:5      | Reached skill level 2 in Axes
  4679 | D:5      | Reached skill level 1 in Invocations
  4888 | D:5      | Reached * piety under Cheibriados
  4955 | D:5      | Reached skill level 1 in Spellcasting
  4961 | D:5      | Reached skill level 3 in Axes
  5202 | D:5      | Found a shattered altar of Ashenzari.
  5250 | D:5      | Reached XP level 8. HP: 52/54 MP: 7/9
  5524 | D:6      | Found an opulent altar of Gozag.
  5665 | D:6      | Reached skill level 5 in Dodging
  5719 | D:6      | Noticed Grinder
  5735 | D:6      | Killed Grinder
  5736 | D:6      | Reached skill level 4 in Axes
  5831 | D:6      | Noticed Blork the orc
  5836 | D:6      | Killed Blork the orc
  6119 | D:6      | Learned a level 3 spell: Vampiric Draining
  6123 | D:6      | Learned a level 3 spell: Regeneration
  6153 | D:6      | Learned a level 2 spell: Poisonous Vapours
  6219 | D:7      | Reached ** piety under Cheibriados
  6285 | D:7      | Found an ornate altar of the Wu Jian Council.
  6343 | D:7      | Found a radiant altar of Vehumet.
  6351 | D:7      | Reached skill level 1 in Necromancy
  6381 | D:7      | Noticed Duvessa
  6381 | D:7      | Noticed Dowan
  6390 | D:7      | Killed Duvessa
  6391 | D:7      | Reached skill level 5 in Axes
  6397 | D:7      | Killed Dowan
  6398 | D:7      | Reached skill level 1 in Charms
  6398 | D:7      | Reached XP level 9. HP: 32/60 MP: 3/12
  6566 | D:7      | Noticed Pikel
  6576 | D:7      | Killed Pikel
  6577 | D:7      | Reached skill level 5 in Fighting
  6577 | D:7      | Reached skill level 1 in Throwing
  6577 | D:7      | Reached skill level 1 in Air Magic
  6577 | D:7      | Reached skill level 1 in Poison Magic
  6680 | D:7      | Found Ydoid's Book Emporium.
  6686 | D:7      | Learned a level 1 spell: Sandblast
  6737 | D:7      | Reached skill level 6 in Axes
  7156 | D:8      | Noticed Maurice
  7176 | D:8      | Killed Maurice
  7246 | D:8      | Found a bloodstained altar of Trog.
  7329 | D:8      | Reached skill level 1 in Earth Magic
  7329 | D:8      | Reached XP level 10. HP: 26/68 MP: 4/14
  7556 | D:8      | Found a shadowy altar of Dithmenos.
  7577 | D:8      | Noticed a two-headed ogre
  7586 | D:8      | Killed a two-headed ogre
  7587 | D:8      | Reached skill level 7 in Axes
  7709 | D:8      | Found Cipidghae's Food Boutique.
  7730 | D:8      | Reached *** piety under Cheibriados
  8310 | D:9      | Noticed a two-headed ogre
  8320 | D:9      | Noticed a centaur warrior
  8320 | D:9      | Noticed a rakshasa
  8325 | D:9      | Noticed Erica
  8511 | D:9      | Killed Erica
  9021 | D:9      | Reached **** piety under Cheibriados
  9282 | D:8      | Reached skill level 8 in Axes
  9696 | D:9      | Found a staircase to the Lair.
  9717 | D:9      | Noticed Psyche
  9729 | D:9      | Killed Psyche
  9730 | D:9      | Reached XP level 11. HP: 20/72 MP: 1/17
  9878 | Lair:1   | Entered Level 1 of the Lair of Beasts
 10259 | Lair:1   | Found an ancient bone altar of Kikubaaqudgha.
 10340 | Lair:1   | Learned a level 3 spell: Ignite Poison
 10471 | Lair:1   | Reached skill level 5 in Invocations
 10969 | Lair:2   | Reached skill level 5 in Spellcasting
 11072 | Lair:2   | Reached skill level 1 in Transmutations
 11904 | Lair:2   | Noticed an eight-headed hydra
 11904 | Lair:2   | Found a staircase to the Swamp.
 11905 | Lair:2   | Noticed a seven-headed hydra
 11906 | Lair:2   | HP: 2/74 [swamp worm (16)]
 11909 | Lair:2   | Slain by an eight-headed hydra

Skill      XL: |  1  2  3  4  5  6  7  8  9 10 11 |
---------------+----------------------------------+-----
Stealth        | 5 6 7 |  7.8
Fighting       | 2 3 4 5 6 |  6.7
Maces & Flails | 2 3 |  3.5
Dodging        | 4 5 6 |  6.8
Axes           | 3 5 6 8 |  8.5
Invocations    | 1 2 3 4 5 |  5.6
Spellcasting   | 1 2 4 5 |  5.8
Necromancy     | 1 2 4 |  4.8
Charms         | 1 2 3 |  3.5
Throwing       | 1 2 |  2.2
Air Magic      | 2 3 |  3.1
Poison Magic   | 2 3 |  3.0
Earth Magic    | 1 3 |  3.7
Transmutations | 1 |  1.4
Evocations     | |  0.2

Action                   |  1- 3 |  4- 6 |  7- 9 | 10-12 || total
-------------------------+-------+-------+-------+-------++-------
Melee: Whip              |    73 |   165 |       |       ||   238
       Constrict         |    14 |    48 |    49 |    17 ||   128
       Tentacles         |    11 |    31 |    37 |    38 ||   117
       War axe           |       |    10 |   221 |   142 ||   373
Throw: Tomahawk          |       |       |    40 |    27 ||    67
 Cast: Poisonous Vapours |       |       |       |    92 ||    92
       Vampiric Draining |       |       |       |    30 ||    30
       Regeneration      |       |       |       |     1 ||     1
Evoke: Wand              |       |       |     3 |     4 ||     7
       Lamp of fire      |       |       |       |     1 ||     1
  Use: Scroll            |       |     4 |     2 |    15 ||    21
       Potion            |       |     4 |     2 |     5 ||    11
 Stab: Sleeping          |    10 |     7 |     6 |     2 ||    25
       Distracted        |     1 |     1 |     2 |     1 ||     5
       Paralysed         |       |       |       |     6 ||     6
  Eat: Chunk             |     2 |    11 |    15 |    15 ||    43
       Ration            |       |     1 |       |     1 ||     2
Armor: Skin              |     5 |     6 |     6 |    17 ||    34
Dodge: Dodged            |    45 |   119 |   185 |   185 ||   534
